 Dungeon Crawl Stone Soup version 0.19-a0-1856-g32653aa (webtiles) character file.

137 JeffiDaFish the Sneak (level 5, -2/37 HPs)
             Began as a Vampire Enchanter on Oct 10, 2016.
             Slain by tb0li's ghost (6 damage)
             ... on level 3 of the Dungeon on Oct 11, 2016.
             The game lasted 00:10:23 (2535 turns).

JeffiDaFish the Sneak (Vampire Enchanter)           Turns: 2535, Time: 00:10:23

Health: -2/37      AC:  4    Str:  8    XL:     5   Next: 0%
Magic:  1/8        EV: 13    Int: 17    God:
Gold:   65         SH:  0    Dex: 15    Spells: 3 memorised, 2 levels left

rFire  . . .     SeeInvis +     a - +1 dagger
rCold  + . .     Gourm    .     b - +2 robe
rNeg   + + .     Faith    .     (no shield)
rPois  +         Spirit   .     (no helmet)
rElec  .         Dismiss  .     (no cloak)
rCorr  .         Reflect  .     (no gloves)
MR     .....     Harm     .     (no boots)
Stlth  ++++......               (no amulet)
                                (no ring)
                                (no ring)

@: regenerating slowly
A: fangs 3, see invisible, unbreathing
a: Bat Form


You were on level 3 of the Dungeon.
You were thirsty.

You visited 1 branch of the dungeon, and saw 3 of its levels.

You collected 65 gold pieces.

Inventory:

Hand Weapons
 a - a +1 dagger (weapon)
Armour
 b - a +2 robe (worn)
Wands
 e - a wand of digging (9/24)
Potions
 d - 23 potions of blood
Books
 c - a book of Maledictions

   Spells                             Type                      Level
   a - Corona                         Hexes                        1
   b - Ensorcelled Hibernation        Hexes/Ice                    2
   c - Confuse                        Hexes                        3
   d - Tukima's Dance                 Hexes                        3
   e - Dazzling Spray                 Conjuration/Hexes            3


   Skills:
 + Level 1.4 Fighting
 + Level 2.0 Short Blades
 + Level 3.2 Dodging
 + Level 5.6 Stealth
 + Level 2.3 Spellcasting
 + Level 5.1 Hexes
 + Level 0.6 Ice Magic


You had 2 spell levels left.
You knew the following spells:

 Your Spells              Type           Power        Failure   Level  Hunger
a - Corona                Hex            ###....      2%          1    #......
b - Ensorcelled Hibernat  Hex/Ice        ##....       12%         2    ##.....
c - Confuse               Hex            ###.....     10%         3    ###....


Dungeon Overview and Level Annotations

Branches:
Dungeon (3/15)

Altars:
Hepliaklqana

Annotations:
D:3 tb0li's ghost, amateur DsFi


Innate Abilities, Weirdness & Mutations

You heal slowly.
You have razor-sharp teeth.
You have supernaturally acute eyesight. (SInv)
You can survive without breathing.


Message History

You kill the dart slug!
You have reached level 5!
You feel agile.
You hit tb0li's ghost but do no damage.
Tb0li's ghost is severely damaged.
Tb0li's ghost seems less confused.
Tb0li's ghost hits you.
You closely miss tb0li's ghost.
Tb0li's ghost is severely damaged.
Tb0li's ghost hits you!
You closely miss tb0li's ghost.
Tb0li's ghost is severely damaged.
Tb0li's ghost hits you!
* * * LOW HITPOINT WARNING * * *
Casting: Confuse
Confirm with . or Enter, or press ? or * to list all spells.
Aiming: Confuse
Press: ? - help, Shift-Dir - straight line, f/p - tb0li's ghost
Aim: tb0li's ghost (severely damaged, chance to defeat MR: 37%) Tb0li's ghost appears confused.
Tb0li's ghost hits you.
You die...

#. ##.## # ####.##
##...##.## ..
......#########........# #..
..[..#.........<....... ....
#........##.........
.....####...####.###...##.##
##......#...# #.# ##.##
............####.####.#
#.....#.#..W@).........
.w... #.#.#.####.#.##.>#
#... #.#.#.# #.# ..# ##.
.#....# # #......# #......#
#...?..# ...#...## .####..


You could see tb0li's ghost (confused).

Vanquished Creatures
  Jessica (D:2)
  4 adders
  An ooze (D:1)
  4 dart slugs
  4 leopard geckos
  2 ball pythons (D:2)
  A giant cockroach (D:1)
  6 goblins
  9 hobgoblins
  4 jackals (D:1)
  7 kobolds
  A quokka (D:2)
  5 bats
  4 frilled lizards
  8 rats
61 creatures vanquished.

Notes
Turn   | Place    | Note
-------+----------+-------------------------------------------
     0 | D:1      | JeffiDaFish the Vampire Enchanter began the quest for the Orb.
     0 | D:1      | Reached XP level 1. HP: 13/13 MP: 3/3
   372 | D:1      | Reached XP level 2. HP: 19/19 MP: 5/5
   384 | D:1      | Learned a level 2 spell: Ensorcelled Hibernation
   677 | D:1      | Reached skill level 5 in Hexes
   742 | D:1      | Reached XP level 3. HP: 14/24 MP: 1/6
  1311 | D:2      | Noticed Jessica
  1316 | D:2      | Reached skill level 5 in Stealth
  1360 | D:2      | Killed Jessica
  1360 | D:2      | Reached skill level 1 in Fighting
  1360 | D:2      | Reached XP level 4. HP: 15/32 MP: 2/7
  2131 | D:2      | Found a hazy altar of Hepliaklqana.
  2220 | D:2      | Learned a level 3 spell: Confuse
  2220 | D:2      | Upgraded the game from 0.19-a0-1851-g3228ea0 to 0.19-a0-1856-g32653aa
  2499 | D:3      | Noticed tb0li's ghost (amateur DsFi)
  2529 | D:3      | Reached XP level 5. HP: 33/37 MP: 3/8
  2535 | D:3      | Slain by tb0li's ghost

Vault maps used:
D:1:      dpeg_arrival_arbitrary_c
D:2:      general_overflow_altar, serial_bayou_pond_b, uniq_jessica
D:3:      lemuel_round_altar, lemuel_doored_altar

Skill      XL: |  1  2  3  4 |
---------------+-------------+-----
Hexes          | 5 |  5.1
Stealth        | 5 |  5.6
Dodging        | 3 |  3.2
Fighting       | 1 |  1.4
Short Blades   | 2 |  2.0
Spellcasting   | |  2.3
Ice Magic      | |  0.6

Action                   |  1- 3 |  4- 6 || total
-------------------------+-------+-------++-------
Melee: Dagger            |   121 |   116 ||   237
       Bite              |    12 |    11 ||    23
 Cast: Ensorcelled Hiber |     6 |     3 ||     9
       Confuse           |       |     2 ||     2
  Use: Scroll            |     2 |     2 ||     4
       Potion            |     2 |     3 ||     5
 Stab: Sleeping          |    11 |     8 ||    19
       Distracted        |       |     1 ||     1
       Confused          |       |     1 ||     1
Armor: Robe              |    25 |    16 ||    41
Dodge: Dodged            |    80 |    61 ||   141
